 Dungeon Crawl Stone Soup version 0.27.1-33-g824d729ab1 (webtiles) character file.

Game seed: 3172565657465511750

58 ces the Vexing (level 4, -6/36 (38) HPs)
             Began as a Gnoll Wanderer on Dec 1, 2021.
             Succumbed to Crazy Yiuf's poison
             ... on level 2 of the Dungeon.
             The game lasted 00:03:51 (3783 turns).

ces the Vexing (Gnoll Wanderer)                     Turns: 3783, Time: 00:03:51

HP:   -6/36 (38)    AC:  2    Str: 13    XL:     4   Next: 2%
MP:   4/8           EV: 12    Int: 13    God:
Gold: 86            SH:  0    Dex: 11    Spells: 4/8 levels left

rFire    . . .     SeeInvis .   f - +0 short sword
rCold    . . .     Faith    .   (no shield)
rNeg     . . .     Spirit   .   b - +0 robe
rPois    .         Reflect  .   (no helmet)
rElec    .         Harm     .   (no cloak)
rCorr    .         Rampage  .   (no gloves)
Will     .....                  (no boots)
Stlth    ++........             (no amulet)
HPRegen  0.12/turn              (no ring)
MPRegen  0.11/turn              (no ring)

@: lethally poisoned (-6 -> -32), slowed, drained, very slow
A: fangs 1, strong nose, distributed training, strong 1, wild magic 1
a: no special abilities


You were on level 2 of the Dungeon.
You visited 1 branch of the dungeon, and saw 2 of its levels.

You collected 86 gold pieces.

Inventory:

Hand Weapons
 f - a +0 short sword (weapon)
Armour
 b - a +0 robe (worn)
Jewellery
 j - a ring of see invisible
Scrolls
 g - a scroll of teleportation {unknown}
 h - a scroll of summoning {unknown}
Potions
 a - a potion of mutation
 d - 2 potions of curing
 e - 2 potions of lignification {unknown}
 i - a potion of flight {unknown}
Miscellaneous
 c - a piece from Xom's chessboard (14/15) (quivered)


   Skills:
 + Level 4.6 Fighting
 + Level 1.0 Short Blades
 + Level 1.0 Long Blades
 + Level 1.0 Axes
 + Level 1.0 Maces & Flails
 + Level 1.0 Polearms
 + Level 1.0 Staves
 + Level 1.0 Slings
 + Level 1.0 Bows
 + Level 1.0 Crossbows
 + Level 1.0 Throwing
 + Level 1.0 Armour
 + Level 2.7 Dodging
 + Level 2.5 Stealth
 + Level 1.0 Shields
 + Level 1.0 Unarmed Combat
 + Level 2.9 Spellcasting
 + Level 0.7 Conjurations
 + Level 5.4 Hexes
 + Level 0.7 Summonings
 + Level 0.7 Necromancy
 + Level 0.7 Translocations
 + Level 0.7 Transmutations
 + Level 0.7 Fire Magic
 + Level 0.7 Ice Magic
 + Level 0.7 Air Magic
 + Level 2.2 Earth Magic
 + Level 0.7 Poison Magic
 + Level 1.1 Invocations
 + Level 2.7 Evocations


You had 4 spell levels left.
You knew the following spells:

 Your Spells              Type           Power      Damage    Failure   Level
a - Ensorcelled Hibernat  Hex/Ice        24%        N/A       14%         2
b - Slow                  Hex            20%        N/A       6%          2

Your spell library contained the following spells:

 Spells                   Type           Power      Damage    Failure   Level
 Corona                   Hex            22%        N/A       4%          1
 Tukima's Dance           Hex            20%        N/A       12%         3
 Foxfire                  Conj/Fire      20%        2x1d5     24%         1
 Magic Dart               Conj           20%        1d4       24%         1
 Shock                    Conj/Air       20%        1d4       24%         1
 Inner Flame              Hex/Fire       12%        N/A       26%         3
 Blink                    Tloc           N/A        N/A       34%         2
 Call Imp                 Summ           5%         N/A       34%         2
 Conjure Flame            Conj/Fire      5%         6-21      54%         3
 Mephitic Cloud           Conj/Pois/Air  5%         N/A       54%         3
 Swiftness                Air            5%         N/A       54%         3
 Petrify                  Tmut/Erth      7%         N/A       83%         4
 Metabolic Englaciation   Hex/Ice        6%         N/A       91%         5
 Statue Form              Tmut/Erth      4%         N/A       100%        6


Dungeon Overview and Level Annotations

Branches:
Dungeon (2/15)

Altars:

Shops:
D:2 [

Annotations:
D:2 Crazy Yiuf


Innate Abilities, Weirdness & Mutations

You have very sharp teeth.
Your uncanny sense of smell can sniff out nearby items.
Your experience applies equally to all skills.
Your muscles are strong. (Str +2)
Your spells are a little harder to cast, but a little more powerful.


Message History

There is an open translucent door here.
You closely miss Crazy Yiuf. Crazy Yiuf closely misses you.
Cast which spell? (? or * to list)
Aiming: Ensorcelled Hibernation (safe; 10% risk of failure)
Press: ? - help, Shift-Dir - straight line, f - Crazy Yiuf
Aim: Crazy Yiuf, wielding a +4 quarterstaff of chaos and wearing a +0 cloak (chance to affect: 50%) Crazy Yiuf resists with some effort.
Crazy Yiuf grits, "Sif Muna blue turtle!"
Crazy Yiuf hits you with a +4 quarterstaff of chaos!
You feel drained.
Casting: Ensorcelled Hibernation (safe; 10% risk of failure)
Confirm with . or Enter, or press ? or * to list all spells.
Aiming: Ensorcelled Hibernation (safe; 10% risk of failure)
Press: ? - help, Shift-Dir - straight line, f/p - Crazy Yiuf
Aim: Crazy Yiuf, wielding a +4 quarterstaff of chaos and wearing a +0 cloak (chance to affect: 50%) Crazy Yiuf looks drowsy...
The helpless Crazy Yiuf fails to defend himself.
You puncture Crazy Yiuf!
Crazy Yiuf is heavily wounded.
Crazy Yiuf hits you with a +4 quarterstaff of chaos.
Casting: Ensorcelled Hibernation (safe; 10% risk of failure)
Confirm with . or Enter, or press ? or * to list all spells.
Aiming: Ensorcelled Hibernation (safe; 10% risk of failure)
Press: ? - help, Shift-Dir - straight line, f - you, p - Crazy Yiuf That would be overly suicidal.
Okay, then.
Unknown command.
You hit Crazy Yiuf.
Crazy Yiuf is severely wounded.
Crazy Yiuf hits you with a +4 quarterstaff of chaos!
* * * LOW HITPOINT WARNING * * *
You feel yourself slow down.
It was a potion of curing.
You feel better.
Crazy Yiuf hits you with a +4 quarterstaff of chaos!
* * * LOW HITPOINT WARNING * * *
You are lethally poisoned!
Crazy Yiuf closely misses you.
It was a potion of mutation.
You feel extremely strange.
You feel less in control of your magic.
You feel stronger.
You die...

#.......#..
#..........
#......###.
#......###.
#####
####.####..
#..)#
#####.#.....
#...#
#...#.#.#...
#.g.#
#...#...#.#.
#@#
#...#.###.#.
##.#
#...#.###.#.
#.##
#.......#.#.
##.#
#...........
#.##
##.∩..#.####
##.##
##...#...##
#.PP##
#...###.#.
#P...#
#...###...
#....#
#######.....


You could see Crazy Yiuf.

Vanquished Creatures
  An adder (D:2)
  5 dart slugs
  4 endoplasms
  A giant cockroach (D:2)
  4 goblins
  5 hobgoblins
  4 jackals (D:2)
  A quokka (D:2)
  3 ball pythons
  3 bats
  2 frilled lizards
  3 rats
36 creatures vanquished.

Vanquished Creatures (others)
  A bat (D:2)
1 creature vanquished.

Grand Total: 37 creatures vanquished

Notes
Turn   | Place    | Note
-------+----------+-------------------------------------------
     0 | D:1      | ces the Gnoll Wanderer began the quest for the Orb.
     0 | D:1      | ces set off with the following items: a +0 club, a +0 robe,
                  | a piece from Xom's chessboard (15/15); and the following
                  | spells available to memorise: Slow, Magic Dart, Shock,
                  | Blink, Call Imp, Conjure Flame, Mephitic Cloud, Swiftness
     0 | D:1      | Reached XP level 1. HP: 20/20 MP: 4/4
    62 | D:1      | Found a faded altar of an unknown god.
   609 | D:1      | Reached XP level 2. HP: 6/26 MP: 5/5
  1749 | D:2      | HP: 1/26 [hobgoblin (2)]
  1756 | D:2      | Reached XP level 3. HP: 2/31 MP: 7/7
  2385 | D:2      | Found Joanoerr's Antique Armour Emporium.
  2513 | D:2      | Reached skill level 1 in Invocations
  2920 | D:2      | Learned a level 2 spell: Ensorcelled Hibernation
  2923 | D:2      | Learned a level 2 spell: Slow
  3023 | D:2      | Found a runed translucent door.
  3024 | D:2      | Noticed Crazy Yiuf
  3209 | D:2      | Reached skill level 1 in Short Blades
  3209 | D:2      | Reached skill level 1 in Long Blades
  3209 | D:2      | Reached skill level 1 in Axes
  3209 | D:2      | Reached skill level 1 in Maces & Flails
  3209 | D:2      | Reached skill level 1 in Polearms
  3209 | D:2      | Reached skill level 1 in Staves
  3209 | D:2      | Reached skill level 1 in Slings
  3209 | D:2      | Reached skill level 1 in Bows
  3209 | D:2      | Reached skill level 1 in Crossbows
  3209 | D:2      | Reached skill level 1 in Throwing
  3209 | D:2      | Reached skill level 1 in Armour
  3209 | D:2      | Reached skill level 1 in Shields
  3209 | D:2      | Reached skill level 1 in Unarmed Combat
  3558 | D:2      | Reached XP level 4. HP: 27/38 MP: 8/8
  3783 | D:2      | Gained mutation: Your spells are a little harder to cast,
                  | but a little more powerful. [potion of mutation]
  3783 | D:2      | Gained mutation: Your muscles are strong. (Str +2) [potion
                  | of mutation]
  3783 | D:2      | Succumbed to Crazy Yiuf's poison

Illustrated notes

Levels and vault maps discovered:
D:1:      ncdulo_watergridlock, layout_loops_corners,
          dreamdust_ecumenical_altar_statues, dk_noncrumbling_4,
          serial_bayou_pond_d
D:2:      layout_basic, serial_shops, shop, lemuel_old_faithful,
          uniq_crazy_yiuf_cottage

Skill      XL: |  1  2  3 |
---------------+----------+-----
Earth Magic    | 2 |  2.2
Invocations    | 1 |  1.1
Short Blades   | 1 |  1.0
Long Blades    | 1 |  1.0
Axes           | 1 |  1.0
Maces & Flails | 1 |  1.0
Polearms       | 1 |  1.0
Staves         | 1 |  1.0
Slings         | 1 |  1.0
Bows           | 1 |  1.0
Crossbows      | 1 |  1.0
Throwing       | 1 |  1.0
Armour         | 1 |  1.0
Shields        | 1 |  1.0
Unarmed Combat | 1 |  1.0
Fighting       | |  4.6
Dodging        | |  2.7
Stealth        | |  2.5
Spellcasting   | |  2.9
Conjurations   | |  0.7
Hexes          | |  5.4
Summonings     | |  0.7
Necromancy     | |  0.7
Translocations | |  0.7
Transmutations | |  0.7
Fire Magic     | |  0.7
Ice Magic      | |  0.7
Air Magic      | |  0.7
Poison Magic   | |  0.7
Evocations     | |  2.7

Action                   |  1- 3 |  4- 6 || total
-------------------------+-------+-------++-------
Melee: Club              |    51 |       ||    51
       Bite              |    18 |       ||    18
       Short sword       |   107 |     3 ||   110
 Cast: Ensorcelled Hiber |       |     2 ||     2
Evoke: Piece from Xom's  |     3 |       ||     3
  Use: Potion            |       |     2 ||     2
 Stab: Petrified         |    14 |       ||    14
       Sleeping          |     6 |     1 ||     7
       Paralysed         |     1 |       ||     1
Armor: Robe              |    21 |       ||    21
Dodge: Dodged            |    97 |     2 ||    99
